 Dungeon Crawl Stone Soup version 0.31.0-11-ge490571c62 (webtiles) character file.

Game seed: 17545809803350462942

1372 monsoonserge the Skirmisher (level 8, -6/37 (39) HPs)
             Began as a Spriggan Hexslinger on Feb 2, 2024.
             Was a Believer of Okawaru.
             Killed by divine providence
             ... invoked by Jeremiah
              (15 damage)
             ... on level 6 of the Dungeon.
             The game lasted 00:21:44 (4925 turns).

monsoonserge the Skirmisher (Spriggan Hexslinger)   Turns: 4925, Time: 00:21:46

HP:   -6/37 (39)    AC:  2    Str:  4    XL:     8   Next: 38%
MP:   4/14          EV: 19    Int: 14    God:    Okawaru [**....]
Gold: 274           SH:  0    Dex: 20    Spells: 4/13 levels left

rFire   . . .        a - +1 sling
rCold   . . .        (no shield)
rNeg    . . .        c - +0 robe
rPois   .            (helmet restricted)
rElec   .            (no cloak)
rCorr   .            (gloves unavailable)
SInv    +            (boots unavailable)
Will    +....        x - amulet of regeneration
Stlth   ++           (no ring)
HPRegen 1.06/turn    (no ring)
MPRegen 0.14/turn

%: no passive effects
@: drained, very quick
A: very small, no large weapons, unfitting armour, see invisible, speed 3
a: Renounce Religion, Heroism


You were on level 6 of the Dungeon.
You worshipped Okawaru.
Okawaru was pleased with you.
You visited 2 branches of the dungeon, and saw 7 of its levels.
You also visited: Sewer.

You collected 274 gold pieces.

Inventory:

Hand Weapons
 a - a +1 sling (weapon)
Missiles
 e - 9 poisoned darts
 y - a throwing net
Armour
 c - a +0 robe (worn)
Jewellery
 x - an amulet of regeneration (around neck)
Wands
 n - a wand of digging (7)
 p - a wand of polymorph (11)
 B - a wand of paralysis (8)
Scrolls
 b - 3 scrolls of poison
 d - 3 scrolls of immolation {unknown}
 f - 3 scrolls of noise
 i - a scroll of fog
 j - 2 scrolls of teleportation
 m - a scroll of enchant armour
 t - 3 scrolls of fear
 z - a scroll of torment {unknown}
 A - a scroll of silence {unknown}
 D - a scroll of enchant weapon {unknown}
Potions
 g - a potion of resistance
 h - 5 potions of curing {unknown}
 k - 2 potions of heal wounds
 l - a potion of lignification {unknown}
 o - a potion of cancellation {unknown}
 q - a potion of degeneration {unknown}
 r - a potion of berserk rage {unknown}
 s - a potion of brilliance {unknown}
 u - 3 potions of invisibility
 v - 2 potions of mutation
 w - a potion of magic {unknown}
 C - a potion of haste {unknown}


   Skills:
 + Level 2.7 Fighting
 + Level 8.1 Ranged Weapons
 + Level 4.5 Dodging
 + Level 1.6 Stealth
 * Level 3.3 Spellcasting
 * Level 5.2 Hexes
 - Level 1.0 Fire Magic
 * Level 2.1 Invocations


You had 4 spell levels left.
You knew the following spells:

 Your Spells              Type           Power      Damage    Failure   Level
a - Jinxbite              Hex            32%        N/A       3%          2
b - Inner Flame           Hex/Fire       11%        N/A       17%         3
c - Cause Fear            Hex            8%         N/A       24%         4

Your spell library contained the following spells:

 Spells                   Type           Power      Damage    Failure   Level
 Sigil of Binding         Hex            16%        N/A       8%          3
 Freeze                   Ice            8%         1d3       21%         1
 Frozen Ramparts          Ice            4%         1d1       52%         3
 Hailstorm                Conj/Ice       2%         3d5       52%         3
 Stone Arrow              Conj/Erth      4%         3d7       52%         3
 Dimensional Bullseye     Hex/Tloc       4%         N/A       56%         4
 Lehudib's Crystal Spear  Conj/Erth      1%         10d2      100%        8
 Animate Armour           Summ/Erth      Unusable   N/A       N/A         4

Dungeon Overview and Level Annotations

Branches:
Dungeon (6/15)             Temple (1/1) D:4           Sewer (visited)

Altars:
Ashenzari
Cheibriados
Dithmenos
Fedhas
Gozag
Hepliaklqana
Kikubaaqudgha
Okawaru
Qazlal
Sif Muna
Trog
Uskayaw
Vehumet
Wu Jian
Xom
Zin

Shops:
D:2 !

Annotations:
D:6 Jeremiah


Innate Abilities, Weirdness & Mutations

You are very small and have problems with some larger weapons.
You are too small for most types of armour.
You have supernaturally acute eyesight. (SInv)
You cover ground extremely quickly. (Speed+++)


Message History

You shoot a sling bullet. The sling bullet misses the butterfly.
The sling bullet hits Jeremiah but does no damage.
Jeremiah is almost dead.
Jeremiah hits you from afar with a +2 trident of draining!
You feel drained.
Casting: Inner Flame (quite dangerous; 17% risk of failure)
Confirm with . or Enter, or press ? or * to list all spells.
Okay, then.
Fire: a) +1 sling
Press: ? - help, Q - select action, (/) - cycle Shift-Dir - straight line, f/p - Jeremiah
Aim: Jeremiah, wielding a +2 trident of draining, wearing a +0 robe and wearing an orb of guile (almost dead, 60% to hit)
You shoot a sling bullet. The sling bullet misses the butterfly.
The sling bullet hits Jeremiah.
Jeremiah is almost dead.
Jeremiah hits you from afar with a +2 trident of draining.
You feel drained.
Fire: a) +1 sling
Press: ? - help, Q - select action, (/) - cycle Shift-Dir - straight line, f/p - Jeremiah
Aim: Jeremiah, wielding a +2 trident of draining, wearing a +0 robe and wearing an orb of guile (almost dead, 60% to hit)
You shoot a sling bullet.
The sling bullet barely misses the butterfly.
The sling bullet hits Jeremiah.
Jeremiah is almost dead.
Jeremiah lets out a twisted cry.
Something smites you!
* * * LOW HITPOINT WARNING * * *
Unknown command.
Fire: a) +1 sling
Press: ? - help, Q - select action, (/) - cycle Shift-Dir - straight line, f/p - Jeremiah
Aim: Jeremiah, wielding a +2 trident of draining, wearing a +0 robe and wearing an orb of guile (almost dead, 60% to hit)
You shoot a sling bullet.
The sling bullet barely misses the butterfly.
The sling bullet closely misses Jeremiah.
You feel your willpower return.
The butterfly disappears in a burst of colours! x2
Jeremiah sobs, "I don't want it.
Make it stop!
Make it stop!"
Jeremiah lets out a twisted cry.
Something smites you!
You die...
Jeremiah asks, "What happened?
Did... did you die?"

#)# #.### #.#
###...## #b#
#....... #.#
#.###.## #.# #.#
#.# #.## #b# #.#.
#.# #)#. #@# #.#.
####### #b# #.#.
...... bF####.####
#..) .##.##..#
####.......# ###.
<...>...#
#.##.##.# #.
#######.#
##.##.##.##### #.
#.#
##>.......)...###.
#.#
#...##.##.###.....
# #.# #.#....##.#
#.####


You could see Jeremiah.

Vanquished Creatures
  Sigmund (D:3)
  Edmund (D:5)
  An ogre (D:4)
  A lemure (D:5)
  Blork the orc (D:5)
  A bullfrog (D:6)
  4 wights
  3 jellies
  2 hounds
  An orc priest (D:3)
  A gnoll bouda (D:5)
  An iguana (D:5)
  A sleepcap (D:5)
  5 orc wizards
  9 gnolls
  6 adders
  3 river rats (Sewer)
  A white imp (D:5)
  4 ufetubi
  A ribbon worm (D:2)
  3 dart slugs
  14 orcs
  8 endoplasms
  7 giant cockroaches
  4 goblins
  6 hobgoblins
  2 jackals (D:3)
  4 quokkas
  6 ball pythons
  2 bats (D:1)
  7 frilled lizards
  A kobold (D:1)
  8 rats
120 creatures vanquished.

Notes
Turn   | Place    | Note
-------+----------+-------------------------------------------
     0 | D:1      | monsoonserge the Spriggan Hexslinger began the quest for
                  | the Orb.
     0 | D:1      | Reached XP level 1. HP: 9/9 MP: 3/3
     0 | D:1      | Noticed a troll
     5 | D:1      | Noticed a minotaur skeleton
    10 | D:1      | Noticed an elf
    16 | D:1      | Noticed a naga
    16 | D:1      | Noticed a draconian
   176 | D:1      | Reached XP level 2. HP: 14/14 MP: 5/5
   195 | D:1      | Learned a level 2 spell: Jinxbite
   714 | D:1      | Reached XP level 3. HP: 17/17 MP: 6/6
   889 | D:2      | Found Rizups's Distillery.
   942 | D:2      | Learned a level 3 spell: Inner Flame
   956 | D:2      | Reached skill level 3 in Ranged Weapons
  1024 | D:2      | Reached skill level 1 in Fire Magic
  1050 | D:2      | Reached XP level 4. HP: 21/21 MP: 7/7
  1078 | D:2      | Reached skill level 1 in Fighting
  1407 | D:3      | Found a faded altar of an unknown god.
  1530 | D:3      | Noticed Sigmund
  1535 | D:3      | Killed Sigmund
  1536 | D:3      | Reached skill level 5 in Ranged Weapons
  1536 | D:3      | Reached XP level 5. HP: 25/25 MP: 5/8
  1935 | D:4      | Reached XP level 6. HP: 30/30 MP: 9/9
  2066 | D:4      | Found a bloodstained altar of Trog.
  2102 | D:4      | Reached skill level 6 in Ranged Weapons
  2215 | D:4      | Found a staircase to the Ecumenical Temple.
  2224 | Temple   | Entered the Ecumenical Temple
  2509 | Temple   | Became a worshipper of Warmaster Okawaru
  2550 | D:4      | Reached skill level 1 in Stealth
  2709 | D:5      | Entered Level 5 of the Dungeon
  2713 | D:5      | Found an opulent altar of Gozag.
  2715 | D:5      | Noticed Blork the orc
  2734 | D:5      | Killed Blork the orc
  2735 | D:5      | Reached XP level 7. HP: 18/35 MP: 9/11
  2743 | D:5      | Identified the +0 chain mail of Repulsion {Fly rPois
                  | Stlth+}
  2881 | D:5      | Found a glowing drain.
  2889 | Sewer    | Entered a sewer
  3198 | Sewer    | Found a viscous altar of Jiyva.
  3361 | D:5      | Reached skill level 7 in Ranged Weapons
  3478 | D:5      | Reached * piety under Okawaru
  3565 | D:5      | Noticed Edmund
  3715 | D:5      | Killed Edmund
  3716 | D:5      | Reached skill level 1 in Invocations
  4183 | D:6      | Noticed Jeremiah
  4242 | D:5      | Reached XP level 8. HP: 39/39 MP: 12/12
  4296 | D:6      | Paralysed by an orc for 3 turns
  4520 | D:5      | Reached skill level 5 in Hexes
  4660 | D:5      | Learned a level 4 spell: Cause Fear
  4869 | D:6      | Reached skill level 8 in Ranged Weapons
  4900 | D:6      | Reached ** piety under Okawaru
  4925 | D:6      | Killed from afar by Jeremiah

Illustrated notes

Levels and vault maps discovered:
D:1:      shiori_arrival_whats_in_store_for_you, layout_basic
D:2:      layout_basic, serial_shops, nicolae_shop_industrial_runoff
D:3:      layout_rooms, ebering_ecumenical_altar_sacrificial, uniq_sigmund
D:4:      layout_rooms, trog_three_pillars_becter,
          minmay_temple_entry_statues_pillars
D:5:      layout_loops_ring, amcnicky_altar_gilded,
          mainiacjoe_sewer_entry_somewhere_in_here_1, nicolae_grassy_gnolls,
          uniq_edmund, uniq_blork_the_orc
D:6:      layout_loops_ring, nicolae_ru_awakened_eye, minitemple, uniq_grinder,
          uniq_pikel, uniq_jeremiah
Temple:   minmay_temple_curvy_branch

Skill      XL: |  1  2  3  4  5  6  7  8 |
---------------+-------------------------+-----
Hexes          | 4 5 |  5.2
Dodging        | 3 4 |  4.5
Ranged Weapons | 3 5 6 7 8 |  8.1
Fire Magic     | 1 |  1.0
Fighting       | 1 2 |  2.7
Spellcasting   | 2 3 |  3.3
Stealth        | 1 |  1.6
Invocations    | 1 2 |  2.1

Action                     |  1- 3 |  4- 6 |  7- 9 || total
---------------------------+-------+-------+-------++-------
   Fire: Sling             |    97 |   144 |   318 ||   559
   Cast: Jinxbite          |       |     6 |    17 ||    23
         Inner Flame       |       |       |     4 ||     4
    Use: Scroll            |       |       |     9 ||     9
 Armour: Robe              |     8 |    25 |    37 ||    70
  Dodge: Dodged            |    38 |    55 |   112 ||   205
